 Dungeon Crawl Stone Soup version 0.31-a0-221-gbddc013574 (webtiles) character file.

Game seed: 12868457148584949958

2 omnomnOMINOUS the Ducker (level 1, -1/11 HPs)
             Began as an Octopode Wanderer on July 4, 2023.
             Slain by a quokka (3 damage)
             ... on level 1 of the Dungeon.
             The game lasted 00:00:41 (45 turns).

omnomnOMINOUS the Ducker (Octopode Wanderer)          Turns: 45, Time: 00:00:41

Health: -1/11      AC:  1    Str: 10    XL:     1   Next: 30%
Magic:  3/3        EV: 14    Int: 15    God:
Gold:   0          SH:  0    Dex: 11    Spells: 3/4 levels left

rFire   . . .        a - +0 long sword
rCold   . . .        (no shield)
rNeg    . . .        d - +0 hat
rPois   .            (no amulet)
rElec   .            (no ring)
rCorr   .            (no ring)
SInv    .            (no ring)
Will    .....        (no ring)
Stlth   ++           (no ring)
HPRegen 0.21/turn    (no ring)
MPRegen 0.08/turn    (no ring)
                     (no ring)

%: no passive effects
@: no status effects
A: almost no armour, amphibious, 8 rings, camouflage 1, gelatinous body 1,
(nimble swimmer 1), tentacles
a: no special abilities


You were on level 1 of the Dungeon.
You visited 1 branch of the dungeon, and saw 1 of its levels.

Inventory:

Hand Weapons
 a - a +0 long sword (weapon)
 b - a +0 dagger
Missiles
 c - 11 poisoned darts
 f - 2 throwing nets (quivered)
Armour
 d - a +0 hat (worn)
Scrolls
 g - a scroll of fog {unknown}
Potions
 e - a potion of lignification


   Skills:
 + Level 0.1 Fighting
 - Level 1.0 Throwing
 + Level 5.0 Dodging
 - Level 2.0 Spellcasting
 + Level 0.1 Conjurations
 + Level 2.0 Fire Magic


You had 3 spell levels left.
You knew the following spells:

 Your Spells              Type           Power      Damage    Failure   Level
a - Foxfire               Conj/Fire      16%        2x1d4     14%         1

Your spell library contained the following spells:

 Spells                   Type           Power      Damage    Failure   Level
 Volatile Blastmotes      Fire/Tloc      8%         2d10      41%         3


Dungeon Overview and Level Annotations

Branches:
Dungeon (1/15)

Altars:


Innate Abilities, Weirdness & Mutations

You cannot wear most types of armour.
You are amphibious.
You can wear up to eight rings at the same time.
Your skin changes colour to match your surroundings (Stealth+).
Your rubbery body absorbs attacks. (AC +1, EV +1)
((You are camouflaged when in or above water. (Stealth+)))
You have tentacles for arms and can constrict up to eight enemies at once.


Message History

Unknown command.
Adjust to which letter? (? for menu, Esc to quit)
b - a +0 dagger (weapon);
f - 2 throwing nets (quivered)
a - a +0 long sword (weapon)
Unknown command.
Unknown command.
Unknown command.
There is a staircase leading out of the dungeon here.
g - a scroll labelled KEWOIR RIOFOOKK
Found a ring mail.
A hobgoblin comes into view.
A hobgoblin is nearby!
The hobgoblin shouts!
A frilled lizard comes into view.
You closely miss the hobgoblin.
The frilled lizard hisses angrily.
Your grab misses the hobgoblin. Your squeeze misses the hobgoblin.
The hobgoblin misses you.
A goblin comes into view. It is wielding a +0 club.
You slash the hobgoblin!
You kill the hobgoblin!
A quokka comes into view.
A goblin comes into view. It is wielding a +0 dagger.
Found 11 gold pieces.
Found 16 gold pieces.
The frilled lizard bites you.
You closely miss the frilled lizard.
The goblin shouts!
You grab the frilled lizard. You squeeze the frilled lizard.
You kill the frilled lizard!
The quokka bites you.
You closely miss the quokka. You grab the quokka. You constrict the quokka.
The quokka bites you. The goblin completely misses you.
The quokka completely misses you. The goblin hits you with a +0 club.
* * * LOW HITPOINT WARNING * * *
You are too injured to fight recklessly!
You are too injured to fight recklessly!
Unknown command.
You closely miss the goblin. You grab the goblin. You constrict the goblin.
You constrict the quokka. The quokka bites you.
You die...

.........#
.........#
....$...#
.......#
####.....#
$....g...
......†g#
...###@###
......r...##
#.#######..###
##...# ###.#
#.#####
#.....####
#.###....# #.#
####.#


You could see a quokka and 2 goblins.

Vanquished Creatures
  A hobgoblin (D:1)
  A frilled lizard (D:1)
2 creatures vanquished.

Notes
Turn   | Place    | Note
-------+----------+-------------------------------------------
     0 | D:1      | omnomnOMINOUS the Octopode Wanderer began the quest for the
                  | Orb.
     0 | D:1      | omnomnOMINOUS set off with the following items: a +0
                  | dagger, 2 throwing nets, 11 poisoned darts, a +0 hat, a
                  | potion of lignification; and the following spell memorised:
                  | Foxfire; and the following spells available to memorise:
                  | Volatile Blastmotes.
     0 | D:1      | Reached XP level 1. HP: 11/11 MP: 3/3
    45 | D:1      | Slain by a quokka

Illustrated notes

Levels and vault maps discovered:
D:1:      lemuel_arrival_room, layout_basic

Action                     || total
---------------------------++-------
  Melee: Long sword        ||     5
         Constrict         ||     3
         Tentacles         ||     1
  Dodge: Dodged            ||     3

Table legend: (Time is in decaauts)
 A = Elapsed time spent in this place.
 B = Non-inter-level travel time spent in this place.
 C = Inter-level travel time spent in this place.
 D = Time resting spent in this place.
 E = Time spent auto-exploring this place.
 F = Levels seen in this place.
 G = Mean time per level.
                   A        B        C        D        E       F      G
               +--------+--------+--------+--------+--------+-----+--------+
         Total |     46 |     46 |      0 |      0 |     22 |   1 |   46.0 |
       Dungeon |     46 |     46 |      0 |      0 |     22 |   1 |   46.0 |
               +--------+--------+--------+--------+--------+-----+--------+

Top non-repeatable levels by time:
     D:1: 46 daAuts
